 Dungeon Crawl Stone Soup version 0.23.0 (webtiles) character file.

Game seed: 14065693464224303227

156 fartymcfart the Skirmisher (level 5, 0/42 HPs)
             Began as a Demonspawn Fighter on Feb 15, 2019.
             Slain by a gnoll
             ... wielding a +0 spear
              (3 damage)
             ... on level 3 of the Dungeon.
             The game lasted 00:02:23 (2795 turns).

fartymcfart the Skirmisher (Demonspawn Fighter)     Turns: 2795, Time: 00:02:23

Health: 0/42       AC:  6    Str: 16    XL:     5   Next: 14%
Magic:  5/5        EV:  7    Int: 11    God:
Gold:   181        SH:  9    Dex: 12    Spells: 4/4 levels left

rFire    . . .     SeeInvis .   a - +0 war axe
rCold    + . .     Gourm    .   c - +0 shield
rNeg     + . .     Faith    .   b - +0 scale mail
rPois    .         Spirit   .   (no helmet)
rElec    .         Reflect  .   (no cloak)
rCorr    .         Harm     .   (no gloves)
MR       .....                  (no boots)
Stlth    +.........             (no amulet)
HPRegen  0.14/turn              j - ring of protection from cold
MPRegen  0.09/turn              k - ring of positive energy

@: no status effects
A: nightstalker 1
a: no special abilities


You were on level 3 of the Dungeon.
You were not hungry.

You visited 1 branch of the dungeon, and saw 3 of its levels.

You collected 181 gold pieces.

Inventory:

Hand Weapons
 a - a +0 war axe (weapon)
Armour
 b - a +0 scale mail (worn)
 c - a +0 shield (worn)
Jewellery
 j - a ring of protection from cold (left hand)
 k - a ring of positive energy (right hand)
Scrolls
 e - 2 scrolls of amnesia {unknown}
 g - 5 scrolls of identify {unknown}
 i - 3 scrolls of teleportation {unknown}
 m - a scroll of enchant armour {unknown}
Potions
 d - 2 potions of might
 h - 2 potions of heal wounds {unknown}
 l - a potion of resistance {unknown}
 n - a potion of ambrosia {unknown}
Comestibles
 f - 5 rations
 o - 2 chunks of flesh


   Skills:
 + Level 3.7 Fighting
 * Level 3.3 Axes
 + Level 3.4 Armour
 + Level 3.3 Shields


You had 4 spell levels left.
You didn't know any spells.
Your spell library was empty.

Dungeon Overview and Level Annotations

Branches:
Dungeon (3/15)

Altars:
Hepliaklqana
Uskayaw


Innate Abilities, Weirdness & Mutations

You are slightly more attuned to the shadows.


Message History

You block the gnoll's attack. x2
You block the gnoll's attack.
Things that are here:
a +0 dagger; a goblin skeleton You open the door.
The gnoll hits you from afar with a +0 spear.
* * * LOW HITPOINT WARNING * * *
There is an open door here.
Really walk into that dispersal trap?
You enter a dispersal trap!
The gnoll blinks!
The goblin blinks!
The gnoll blinks!
You blink.
The gnoll hits you with a +0 spear.
* * * LOW HITPOINT WARNING * * *
You barely miss the gnoll.
The gnoll is lightly wounded.
You block the gnoll's attack.
You hit the gnoll.
The gnoll is severely wounded.
You block the gnoll's attack. The gnoll hits you with a +0 spear.
You die...

......)).........'.........'..รท..
.....######..>####.........####..
'###.### #..## ##.......## ##. (#
#...# #.########.....## #.
.###.#.# #.##......)...## #.
_..+.#.# #.##.#####.#+## #.
####.#.# ##.##.# #.#.# #. ## #.#.#
#...#.#####.#.########## ####...#
#.....g@.##.#.#........# .....###
#...#.##.##.....######.# #.####
#####.##.##.....# ####.# #.#
#..........)###.##.# ..#
####.####.#.##...#.# ###
#................
########.######.# #........#
##########


You could see a gnoll.

Vanquished Creatures
  2 adders
  6 gnolls
  A shadow imp (D:3)
  An ooze (D:1)
  2 dart slugs (D:2)
  4 leopard geckos
  2 orcs
  8 bats
  2 giant cockroaches (D:1)
  9 goblins
  6 hobgoblins
  7 kobolds
  4 frilled lizards
  5 rats
59 creatures vanquished.

Notes
Turn   | Place    | Note
-------+----------+-------------------------------------------
     0 | D:1      | fartymcfart the Demonspawn Fighter began the quest for the
                  | Orb.
     0 | D:1      | Reached XP level 1. HP: 18/18 MP: 1/1
   428 | D:1      | Gained mutation: You are slightly more attuned to the
                  | shadows. [demonic ancestry]
   428 | D:1      | Reached XP level 2. HP: 24/24 MP: 2/2
   956 | D:1      | Reached XP level 3. HP: 25/29 MP: 3/3
  1293 | D:2      | Reached XP level 4. HP: 3/35 MP: 4/4
  1696 | D:2      | Found a hide-covered altar of Uskayaw.
  2685 | D:3      | Found a hazy altar of Hepliaklqana.
  2756 | D:3      | Reached XP level 5. HP: 42/42 MP: 5/5
  2795 | D:3      | Slain by a gnoll

Skill      XL: |  1  2  3  4 |
---------------+-------------+-----
Axes           | 2 3 |  3.3
Armour         | 3 |  3.4
Shields        | 3 |  3.3
Fighting       | |  3.7

Action                   |  1- 3 |  4- 6 || total
-------------------------+-------+-------++-------
Melee: War axe           |   101 |    87 ||   188
  Eat: Chunk             |     1 |     5 ||     6
Armor: Scale mail        |    35 |    44 ||    79
Dodge: Dodged            |    29 |    20 ||    49
Block: Shield            |    54 |    52 ||   106
